 Dungeon Crawl Stone Soup version 0.27-a0-1456-gf5a116941d (webtiles) character file.

Game seed: 11873320880473895393

187 barkas the Insei (level 5, -1/45 HPs)
             Began as a Naga Transmuter on July 6, 2021.
             Blown up by Ijyb (33 damage)
             ... with a mindburst bolt
             ... on level 4 of the Dungeon.
             The game lasted 00:02:31 (3412 turns).

barkas the Insei (Naga Transmuter)                  Turns: 3412, Time: 00:02:32

Health: -1/45      AC:  3    Str: 12    XL:     5   Next: 66%
Magic:  8/8        EV: 10    Int: 13    God:
Gold:   173        SH:  0    Dex: 13    Spells: 4/8 levels left

rFire    . . .     SeeInvis +     - Unarmed
rCold    . . .     Faith    .   (no shield)
rNeg     . . .     Spirit   .   a - +0 robe
rPois    +         Reflect  .   (no helmet)
rElec    .         Harm     .   (no cloak)
rCorr    .         Rampage  .   k - +0 pair of gloves
Will     .....                  (no barding)
Stlth    +.........             (no amulet)
HPRegen  0.15/turn              (no ring)
MPRegen  0.11/turn              (no ring)

@: very slow
A: AC +1, large, see invisible, deformed body, poison resistance, slowness 2,
spit poison 1, naga tail 1
a: Spit Poison


You were on level 4 of the Dungeon.
You visited 1 branch of the dungeon, and saw 4 of its levels.

You collected 173 gold pieces.

Inventory:

Missiles
 l - 13 poisoned darts
Armour
 a - a +0 robe (worn)
 k - a +0 pair of gloves (worn)
Jewellery
 n - an amulet of faith
Scrolls
 b - 3 scrolls of magic mapping {unknown}
 c - a scroll of fog {unknown}
 d - 2 scrolls of identify {unknown}
 f - 2 scrolls of torment {unknown}
 g - a scroll of teleportation {unknown}
 h - a scroll of blinking {unknown}
 j - a scroll of brand weapon {unknown}
 m - a scroll of fear {unknown}
Potions
 e - a potion of degeneration {unknown}
 i - a potion of haste {unknown}


   Skills:
 + Level 2.2 Fighting
 - Level 1.6 Dodging
 * Level 4.4 Unarmed Combat
 - Level 2.0 Spellcasting
 + Level 2.7 Transmutations
 * Level 3.7 Poison Magic


You had 4 spell levels left.
You knew the following spells:

 Your Spells              Type           Power      Damage    Failure   Level
a - Beastly Appendage     Tmut           16%        N/A       9%          1
b - Spider Form           Tmut/Pois      4%         N/A       21%         3

Your spell library contained the following spells:

 Spells                   Type           Power      Damage    Failure   Level
 Wereblood                Tmut           8%         N/A       13%         2
 Ice Form                 Ice/Tmut       4%         N/A       82%         4


Dungeon Overview and Level Annotations

Branches:
Dungeon (4/15)
 Temple: D:4-7

Altars:
Ashenzari

Annotations:
D:4 Ijyb


Innate Abilities, Weirdness & Mutations

Your serpentine skin is tough. (AC +1)
You have supernaturally acute eyesight. (SInv)
Armour fits poorly on your strangely shaped body.
Your system is resistant to poisons. (rPois)
You cover ground very slowly.
You can spit poison.
You have a snake-like lower body.


Message History

The water moccasin skeleton bites you.
You closely miss the water moccasin skeleton.
Your headbutt misses the water moccasin skeleton.
The water moccasin skeleton is severely damaged.
The water moccasin skeleton bites you but does no damage.
You hit the water moccasin skeleton.
You headbutt the water moccasin skeleton.
The water moccasin skeleton is almost destroyed.
The water moccasin skeleton bites you.
You closely miss the water moccasin skeleton.
The water moccasin skeleton is almost destroyed.
The water moccasin skeleton bites you.
You hit the water moccasin skeleton.
The water moccasin skeleton is almost destroyed.
The water moccasin skeleton bites you.
You closely miss the water moccasin skeleton.
The water moccasin skeleton is almost destroyed.
The water moccasin skeleton bites you.
You barely miss the water moccasin skeleton.
The water moccasin skeleton is almost destroyed.
The water moccasin skeleton bites you!
* * * LOW HITPOINT WARNING * * *
The water moccasin skeleton completely misses you.
You punch the water moccasin skeleton!
You destroy the water moccasin skeleton!
You start resting.
Your horns disappear.
You start resting.
HP restored.
Ijyb the Twisted Goblin comes into view.
She is wielding a +0 dagger of draining and carrying a wand of mindburst (9).
Ijyb shouts!
Ijyb zaps a wand.
Your mind is blasted!
Ijyb is nearby!
Ijyb is nearby!
You aren't carrying any items that you can evoke.
Unknown command.
There is a stone staircase leading up, spattered with blood here.
Ijyb zaps a wand.
Your mind is blasted!
Ouch! That really hurt!
You die...

#.# .. ..#
.. #.# .g
... #. #.#
#. #.# #g
#.# #
#.###@#.#
#.##.#.##
#.#.#g...#
#.###..#.#.#
..# #....#
#.#
#........
...
.#..#.###
### ..#...##
##.#..##


You could see Ijyb.

Vanquished Creatures
  A scorpion (D:3)
  A water moccasin skeleton (D:4)
  An iguana (D:2)
  An adder (D:2)
  An orc (D:3)
  An endoplasm (D:1)
  13 giant cockroaches (D:3)
  4 goblins
  5 hobgoblins
  5 ball pythons
  4 bats
  2 frilled lizards
  2 rats (D:1)
41 creatures vanquished.

Vanquished Creatures (others)
  A fungus (D:2)
1 creature vanquished.

Grand Total: 42 creatures vanquished

Notes
Turn   | Place    | Note
-------+----------+-------------------------------------------
     0 | D:1      | barkas the Naga Transmuter began the quest for the Orb.
     0 | D:1      | Reached XP level 1. HP: 18/18 MP: 3/3
   503 | D:1      | Reached XP level 2. HP: 16/25 MP: 3/5
   823 | D:1      | Reached skill level 1 in Poison Magic
  1368 | D:2      | Reached XP level 3. HP: 15/31 MP: 6/6
  1377 | D:2      | Learned a level 3 spell: Spider Form
  1624 | D:2      | Reached XP level 4. HP: 39/39 MP: 3/7
  2379 | D:3      | Noticed a scorpion
  2382 | D:3      | Killed a scorpion
  2383 | D:3      | Reached skill level 4 in Unarmed Combat
  2383 | D:3      | Reached XP level 5. HP: 45/45 MP: 6/8
  2504 | D:3      | Found a broken altar of Ashenzari.
  3406 | D:4      | Noticed Ijyb
  3412 | D:4      | Blown up by Ijyb

Illustrated notes

Levels and vault maps discovered:
D:1:      scummos_arrival_hexagon, layout_rooms
D:2:      layout_loops_ring, minmay_shallow_snake_nest
D:3:      minmay_roachtagon, layout_basic, lemuel_doored_altar
D:4:      minmay_door_path, layout_loops_ring, gammafunk_temple_overflow_arena,
          vehumet_altar_wand_db, serial_bayou_lagoon_a, uniq_ijyb

Skill      XL: |  1  2  3  4 |
---------------+-------------+-----
Poison Magic   | 1 2 3 |  3.7
Fighting       | 2 |  2.2
Unarmed Combat | 4 |  4.4
Dodging        | |  1.6
Spellcasting   | |  2.0
Transmutations | |  2.7

Action                   |  1- 3 |  4- 6 || total
-------------------------+-------+-------++-------
Melee: Unarmed           |    42 |    95 ||   137
       Headbutt          |     3 |     3 ||     6
       Punch             |       |     3 ||     3
 Cast: Beastly Appendage |     9 |     8 ||    17
       Spider Form       |     1 |       ||     1
 Abil: Spit Poison       |    14 |     4 ||    18
Armor: Robe              |     9 |    31 ||    40
Dodge: Dodged            |    29 |    43 ||    72

Table legend: (Time is in decaauts)
 A = Elapsed time spent in this place.
 B = Non-inter-level travel time spent in this place.
 C = Inter-level travel time spent in this place.
 D = Time resting spent in this place.
 E = Time spent auto-exploring this place.
 F = Levels seen in this place.
 G = Mean time per level.
                   A        B        C        D        E       F      G
               +--------+--------+--------+--------+--------+-----+--------+
         Total |   4242 |   3963 |    279 |    483 |   3142 |   4 | 1060.5 |
       Dungeon |   4242 |   3963 |    279 |    483 |   3142 |   4 | 1060.5 |
               +--------+--------+--------+--------+--------+-----+--------+

Top non-repeatable levels by time:
     D:3: 1480 daAuts
     D:1: 1340 daAuts
     D:2: 1165 daAuts
     D:4: 256 daAuts
